 Dungeon Crawl Stone Soup version 0.27.1-33-g824d729ab1 (webtiles) character file.

Game seed: 6040181849881384325

14245 pkoi the Grappler (level 11, -1/91 HPs)
             Began as a Yellow Draconian Gladiator on Dec 1, 2021.
             Was a Priest of Makhleb.
             Slain by Gastronok (26 damage)
             ... on level 2 of the Lair of Beasts.
             The game lasted 00:21:17 (11816 turns).

pkoi the Grappler (Yellow Draconian Gladiator)     Turns: 11816, Time: 00:21:18

Health: -1/91      AC: 11    Str: 21    XL:     11   Next: 86%
Magic:  35/35      EV: 14    Int: 11    God:    Makhleb [***...]
Gold:   413        SH:  0    Dex: 13    Spells: 8/18 levels left

rFire    . . .     SeeInvis .     - Unarmed
rCold    + . .     Faith    .   (no shield)
rNeg     + . .     Spirit   .   (armour unavailable)
rPois    .         Reflect  .   a - +1 hat
rElec    .         Harm     .   z - +0 cloak
rCorr    +         Rampage  .   d - +0 pair of gloves
Will     .....                  t - +0 pair of boots
Stlth    +.........             m - amulet "Heuple" {rN+ Regen+}
HPRegen  1.25/turn              v - ring "Xiaf" {rC+ MP+9 Str+4}
MPRegen  0.24/turn              x - ring of magical power

@: no status effects
A: spit acid, AC +7, unfitting armour, cold-blooded, acid resistance
a: Breathe Acid, Renounce Religion, Minor Destruction, Lesser Servant of Makhleb


You were on level 2 of the Lair of Beasts.
You worshipped Makhleb.
Makhleb was most pleased with you.
You visited 3 branches of the dungeon, and saw 12 of its levels.

You collected 479 gold pieces.
You spent 66 gold pieces at shops.

Inventory:

Missiles
 b - 7 throwing nets
 c - 21 boomerangs (quivered)
 l - 26 poisoned darts
 q - 204 stones
Armour
 a - a +1 hat (worn)
 d - a +0 pair of gloves (worn)
 t - a +0 pair of boots (worn)
 z - a +0 cloak (worn)
Jewellery
 i - an amulet of the acrobat
 k - a ring of see invisible
 m - the amulet "Heuple" (around neck) {rN+ Regen+}
   (You acquired it on level 7 of the Dungeon)

   [amulet of regeneration]

   rN:        It protects you from negative energy.
   Regen:     It increases your rate of health regeneration.
 o - a ring of willpower
 s - a ring of protection from fire
 v - the ring "Xiaf" (left hand) {rC+ MP+9 Str+4}
   (You found it on level 6 of the Dungeon)

   [ring of magical power]

   Str:       It affects your strength (+4).
   rC:        It protects you from cold.
   MP:        It affects your magic capacity (+9).
 x - a ring of magical power (right hand)
 A - a +6 ring of dexterity
 C - a ring of magical power
Wands
 h - a wand of mindburst (8)
 n - a wand of polymorph (5)
Scrolls
 e - a scroll of enchant armour
 j - a scroll of summoning
 y - 2 scrolls of identify
 D - a scroll of blinking {unknown}
Potions
 f - 3 potions of flight
 g - 2 potions of curing
 p - a potion of heal wounds
 r - a potion of might
 u - 3 potions of haste
 w - 2 potions of lignification
 B - a potion of magic


   Skills:
 - Level 6.5 Fighting
 - Level 1.7 Throwing
 - Level 5.8 Dodging
 + Level 13.6 Unarmed Combat
 - Level 4.0 Spellcasting
 + Level 5.8 Conjurations
 - Level 3.8 Transmutations
 + Level 5.7 Fire Magic
 - Level 3.8 Earth Magic
 + Level 6.1 Invocations
 - Level 1.7 Evocations


You had 8 spell levels left.
You knew the following spells:

 Your Spells              Type           Power      Damage    Failure   Level
a - Conjure Flame         Conj/Fire      14%        6-21      7%          3
b - Sandblast             Erth           20%        2d7       4%          1
c - Passwall              Tmut/Erth      8%         N/A       8%          2
d - Sticky Flame          Conj/Fire      14%        2d4       22%         4

Your spell library contained the following spells:

 Spells                   Type           Power      Damage    Failure   Level
 Ignite Poison            Fire/Tmut/Pois 9%         N/A       19%         3
 Sublimation of Blood     Necr           1%         N/A       34%         2
 Petrify                  Tmut/Erth      10%        N/A       45%         4
 Irradiate                Conj/Tmut      6%         3d16      67%         5
 Lee's Rapid Deconstruct  Erth           5%         3d7*      80%         5
 Malign Gateway           Summ/Tloc      1%         N/A       100%        7
 Summon Horrible Things   Summ           1%         N/A       100%        8


Dungeon Overview and Level Annotations

Branches:
Dungeon (9/15)             Temple (1/1) D:6            Lair (2/6) D:8
  Swamp: Lair:2-4    Shoals: Lair:2-4     Snake: Lair:2-4    Spider: Lair:2-4
    Orc: D:9-12

Altars:
Ashenzari
Cheibriados
Dithmenos
Elyvilon
Fedhas
Gozag
Hepliaklqana
Kikubaaqudgha
Makhleb
Nemelex Xobeh
Okawaru
Qazlal
Sif Muna
Trog
Uskayaw
Vehumet
Yredelemnul
Zin
The Shining One

Shops:
D:1 *

Annotations:
Lair:2 Gastronok


Innate Abilities, Weirdness & Mutations

You can spit globs of acid.
Your golden yellow scales are hard. (AC +7)
You cannot fit into any form of body armour.
You are cold-blooded and may be slowed by cold attacks.
You are resistant to acid. (rCorr)


Message History

The basilisk bites your smoke demon! Gastronok bites you.
* * * LOW HITPOINT WARNING * * *
Unknown command.
You punch the basilisk! You tail-slap the basilisk.
The basilisk is almost dead.
Your smoke demon hits the basilisk.
Your smoke demon barely misses the basilisk. x2
The basilisk closely misses you.
Unknown command.
You pummel the basilisk!!
You kill the basilisk!
Makhleb accepts your kill.
You feel better.
Unknown command.
You hit Gastronok. You tail-slap Gastronok.
Gastronok is lightly wounded.
Gastronok closely misses you.
Your smoke demon hits Gastronok. x2
Your smoke demon hits Gastronok but does no damage.
You punch Gastronok! You tail-slap Gastronok.
Gastronok is lightly wounded.
You pummel Gastronok!! You tail-slap Gastronok.
Gastronok is moderately wounded.
Your smoke demon hits Gastronok.
Your smoke demon hits Gastronok but does no damage.
Your smoke demon hits Gastronok.
Gastronok waves his eye-stalks in wide circles.
The air twists around and strikes you!
* * * LOW HITPOINT WARNING * * *
You hit Gastronok.
Gastronok is moderately wounded.
Your smoke demon hits Gastronok. x3
Unknown command.
You completely miss Gastronok.
Gastronok is heavily wounded.
Your smoke demon hits Gastronok. x3
Unknown command.
You punch Gastronok!
Gastronok is heavily wounded.
Gastronok bites you!!
You die...

.P.###...# ####......
...........####......#..
P....(.............#.###
........#.#........### #
........###†.......# ..
........P#...####.......
.............# #.......
.............## ##......
.......@3#....# #......
.......w##..........P...
........###..#......
........# #.........
.......## #.........
....... .........#
......# ..........
...... ...........


You could see Gastronok (swift, ally target) and a friendly smoke demon
(summoned).

Vanquished Creatures
  Harold (D:7)
  3 hydras
  4 two-headed ogres (D:8)
  A cane toad (Lair:2)
  A komodo dragon (Lair:1)
  A troll (D:8)
  Grinder (D:3)
  7 blink frogs
  3 wyverns (D:7)
  15 yaks
  4 basilisks
  4 water moccasins
  An orc warrior (D:7)
  Duvessa (D:7)
  3 ice beasts
  A sky beast (D:7)
  A black bear (D:6)
  An ogre (D:6)
  2 centaurs
  5 bullfrogs
  2 kobold brigands (D:8)
  A scorpion (D:4)
  Dowan (D:6)
  2 water moccasin skeletons (D:5)
  A howler monkey (D:4)
  5 wights (D:8)
  2 jellies
  4 hounds
  Crazy Yiuf (D:6)
  7 orc priests
  2 bullfrog skeletons
  3 iguanas
  11 orc wizards
  Robin (D:2)
  13 gnolls
  8 adders
  2 howler monkey skeletons (D:4)
  A shadow imp (D:5)
  3 ufetubi
  7 worms
  A dart slug (D:1)
  35 orcs
  7 bats
  7 endoplasms
  6 giant cockroaches
  18 goblins
  11 hobgoblins
  17 kobolds
  4 quokkas
  9 ball pythons
  7 frilled lizards
  2 rats (D:1)
261 creatures vanquished.

Vanquished Creatures (others)
  2 orc wizards
  3 bushes (D:8)
  11 fungi
  19 plants
35 creatures vanquished.

Grand Total: 296 creatures vanquished

Notes
Turn   | Place    | Note
-------+----------+-------------------------------------------
     0 | D:1      | pkoi the Draconian Gladiator began the quest for the Orb.
     0 | D:1      | Reached XP level 1. HP: 17/17 MP: 1/1
    49 | D:1      | Reached XP level 2. HP: 13/24 MP: 2/2
   390 | D:1      | Reached skill level 4 in Unarmed Combat
   562 | D:1      | Reached XP level 3. HP: 29/29 MP: 3/3
   583 | D:1      | Reached skill level 11 in Unarmed Combat
   583 | D:1      | Reached XP level 4. HP: 30/36 MP: 4/4
   584 | D:1      | Reached skill level 5 in Dodging
   584 | D:1      | Reached skill level 12 in Unarmed Combat
   584 | D:1      | Reached XP level 5. HP: 41/50 MP: 5/5
   680 | D:1      | Found Gahivomy's General Store.
   845 | D:1      | Found a faded altar of an unknown god.
  1257 | D:2      | Noticed Robin
  1300 | D:2      | Killed Robin
  1694 | D:2      | Reached XP level 6. HP: 38/57 MP: 6/6
  1955 | D:3      | Found a glowing golden altar of the Shining One.
  2332 | D:3      | Noticed Grinder
  2345 | D:3      | Killed Grinder
  2346 | D:3      | Your scales start taking on a golden yellow colour.
  2346 | D:3      | Reached XP level 7. HP: 38/64 MP: 7/7
  2346 | D:3      | Gained mutation: You are resistant to acid. (rCorr) [Yellow
                  | Draconian growth]
  2609 | D:4      | Learned a level 3 spell: Conjure Flame
  2838 | D:4      | Reached skill level 1 in Evocations
  3437 | D:5      | Entered Level 5 of the Dungeon
  3598 | D:5      | Reached XP level 8. HP: 69/71 MP: 8/8
  4261 | D:5      | Learned a level 1 spell: Sandblast
  4264 | D:5      | Learned a level 2 spell: Passwall
  5064 | D:1      | Bought a scroll of identify for 22 gold pieces
  5064 | D:1      | Bought a scroll of identify for 22 gold pieces
  5064 | D:1      | Bought a scroll of identify for 22 gold pieces
  5206 | D:6      | Identified the +4 war axe of the Bespelling Stoat {holy,
                  | rC+ Will+}
  5363 | D:6      | Identified the ring "Xiaf" {rC+ MP+9 Str+4}
  5645 | D:6      | Reached skill level 1 in Spellcasting
  5645 | D:6      | Reached skill level 1 in Fire Magic
  5937 | D:6      | Found a burning altar of Makhleb.
  6033 | D:6      | Reached skill level 1 in Conjurations
  6038 | D:6      | Became a worshipper of Makhleb the Destroyer
  6842 | D:6      | Found a staircase to the Ecumenical Temple.
  7012 | D:6      | Found a runed translucent door.
  7013 | D:6      | Noticed Crazy Yiuf
  7019 | D:6      | Killed Crazy Yiuf
  7020 | D:6      | Reached skill level 1 in Earth Magic
  7414 | Temple   | Entered the Ecumenical Temple
  7642 | D:7      | Noticed Harold
  7669 | D:7      | Reached skill level 1 in Transmutations
  7678 | D:7      | Identified a scroll of acquirement
  7678 | D:7      | Acquired the amulet "Heuple" {rN+ Regen+}
  7783 | D:7      | Reached XP level 9. HP: 78/78 MP: 11/11
  7798 | D:7      | Reached skill level 1 in Invocations
  8027 | D:7      | Learned a level 4 spell: Sticky Flame
  8164 | D:7      | Noticed Duvessa
  8165 | D:7      | Noticed Dowan
  8198 | D:7      | Killed Duvessa
  8198 | D:7      | Reached * piety under Makhleb
  8226 | D:6      | Killed Dowan
  8429 | D:7      | Killed Harold
  8731 | D:8      | Noticed a two-headed ogre
  8733 | D:8      | Noticed a two-headed ogre
  8735 | D:8      | Noticed a troll
  8840 | D:8      | Reached XP level 10. HP: 78/84 MP: 13/13
  8876 | D:8      | Killed a two-headed ogre
  8901 | D:8      | Reached ** piety under Makhleb
  8907 | D:8      | Noticed a two-headed ogre
  9197 | D:8      | Killed a two-headed ogre
  9409 | D:8      | Reached skill level 13 in Unarmed Combat
  9464 | D:8      | Found a staircase to the Lair.
  9695 | D:8      | Noticed a two-headed ogre
  9934 | D:8      | Killed a two-headed ogre
 10222 | D:9      | Noticed a harpy
 10321 | D:8      | Killed a two-headed ogre
 10322 | D:8      | Reached XP level 11. HP: 91/91 MP: 16/16
 10371 | Lair:1   | Entered Level 1 of the Lair of Beasts
 10419 | Lair:1   | Noticed a seven-headed hydra
 10450 | Lair:1   | Killed a seven-headed hydra
 10681 | Lair:1   | Noticed a seven-headed hydra
 10701 | Lair:1   | Killed a seven-headed hydra
 10702 | Lair:1   | Reached skill level 5 in Invocations
 11033 | Lair:1   | Reached skill level 5 in Conjurations
 11033 | Lair:1   | Reached skill level 5 in Fire Magic
 11122 | Lair:1   | Reached *** piety under Makhleb
 11495 | Lair:2   | Noticed Gastronok
 11648 | Lair:2   | Noticed an eight-headed hydra
 11683 | Lair:2   | Killed an eight-headed hydra
 11816 | Lair:2   | Slain by Gastronok

Illustrated notes

Levels and vault maps discovered:
D:1:      ncdulo_watergridlock, layout_rooms,
          dreamdust_ecumenical_altar_hidden_monk_grotto, serial_shops,
          nicolae_shop_crystal, st_stairs_10
D:2:      layout_basic, uniq_robin
D:3:      layout_basic, lemuel_round_altar, st_stairs_11,
          kennysheep_generic_room_4, uniq_grinder
D:4:      minmay_recursive_quarters, layout_cave_pools
D:5:      layout_basic, hangedman_abyss_or_decor_passed, due_unseen_surprise
D:6:      layout_basic, makhleb_heckhound_becter,
          minmay_temple_entry_antechambers, uniq_crazy_yiuf_cottage
D:7:      layout_cave_pools, kennysheep_generic_room_8, uniq_harold,
          uniq_duvessa
D:8:      layout_basic, minmay_lair_entry_grove, serial_aquarium,
          aquarium_bridge_straight [aquarium_subvault_bridge,
          aquarium_subvault_wall, aquarium_subvault_bridge,
          aquarium_subvault_wall], aquarium_window_corner, aquarium_window_1,
          aquarium_window_fake, aquarium_window_3, aquarium_view_2c,
          aquarium_view_2c, aquarium_pool_side
D:9:      layout_irregular_city, grunt_temple_overflow_diamond, serial_shops,
          shop_fountains, minmay_nine_imps
Temple:   minmay_crystal_spiral_temple
Lair:1:   layout_misc_corridors, hibernation_bobbens, serial_bayou_shore_a,
          grunt_megastairs_5
Lair:2:   layout_layer_cave, uniq_gastronok

Skill      XL: |  1  2  3  4  5  6  7  8  9 10 11 |
---------------+----------------------------------+-----
Unarmed Combat | 4 11 12 13 | 13.6
Fighting       | 6 |  6.5
Dodging        | 5 |  5.8
Evocations     | 1 |  1.7
Spellcasting   | 1 2 3 4 |  4.0
Fire Magic     | 1 2 3 5 |  5.7
Conjurations   | 1 2 3 5 |  5.8
Earth Magic    | 1 2 3 |  3.8
Transmutations | 1 2 3 |  3.8
Invocations    | 2 4 6 |  6.1
Throwing       | |  1.7

Action                   |  1- 3 |  4- 6 |  7- 9 | 10-12 || total
-------------------------+-------+-------+-------+-------++-------
Melee: Unarmed           |    58 |   150 |   310 |   292 ||   810
       Tailslap          |     7 |    16 |    51 |    40 ||   114
       Punch             |     1 |     7 |    26 |    23 ||    57
Throw: Boomerang         |     9 |       |       |       ||     9
 Cast: Sandblast         |       |       |     6 |    14 ||    20
       Conjure Flame     |       |       |     3 |    10 ||    13
Invok: Lesser Servant of |       |       |       |     1 ||     1
 Abil: Breathe Acid      |       |       |     8 |     9 ||    17
Evoke: Wand              |       |       |       |     3 ||     3
  Use: Potion            |     2 |     1 |       |     2 ||     5
       Scroll            |       |     5 |    12 |     3 ||    20
Armor: Skin              |    24 |    30 |    89 |   105 ||   248
Dodge: Dodged            |    40 |    82 |   228 |   167 ||   517
